 Dungeon Crawl Stone Soup version 0.29-a0-813-g4a14ea37d6 (webtiles) character file.

Game seed: 16525902286200700419

761 valliere the Conjurer (level 7, 0/36 HPs)
             Began as a Deep Elf Conjurer on July 4, 2022.
             Was an Initiate of Sif Muna.
             Slain by a jelly (3 damage)
             ... on level 5 of the Dungeon.
             The game lasted 00:15:27 (5361 turns).

valliere the Conjurer (Deep Elf Conjurer)           Turns: 5361, Time: 00:15:28

Health: 0/36       AC:  3    Str:  4    XL:     7   Next: 51%
Magic:  17/17      EV: 13    Int: 25    God:    Sif Muna [......]
Gold:   263        SH:  0    Dex: 13    Spells: 6/17 levels left

rFire   . . .      SeeInvis .   o - +2 whip of the Jumping Dragonfly {drain, rElec}
rCold   . . .      Faith    .   (no shield)
rNeg    . . .      Spirit   .   a - +0 robe
rPois   .          Reflect  .   (no helmet)
rElec   +          Harm     .   j - +0 cloak
rCorr   .          Rampage  .   (no gloves)
Will    .....                   (no boots)
Stlth   +++.......              (no amulet)
HPRegen 0.12/turn               (no ring)
MPRegen 0.15/turn               (no ring)

@: no status effects
A: no striking features
a: Renounce Religion


You were on level 5 of the Dungeon.
You worshipped Sif Muna.
Sif Muna was noncommittal.
You visited 1 branch of the dungeon, and saw 5 of its levels.

You collected 263 gold pieces.

Inventory:

Hand Weapons
 i - a +0 dagger
 o - the +2 whip of the Jumping Dragonfly (weapon) {drain, rElec}
   (You found it on level 3 of the Dungeon)

   A truly terrible weapon, it drains the life of any living foe it strikes.
   rElec:     It insulates you from electricity.
Armour
 a - a +0 robe (worn)
 j - a +0 cloak (worn)
 u - a +2 ring mail of cold resistance
Scrolls
 c - a scroll of blinking {unknown}
 e - a scroll of silence {unknown}
 f - 2 scrolls of identify {unknown}
 g - a scroll of teleportation {unknown}
 p - a scroll of noise
 q - a scroll of vulnerability {unknown}
 t - a scroll of poison {unknown}
Potions
 b - a potion of magic
 d - a potion of curing {unknown}
 h - a potion of lignification {unknown}
 k - 3 potions of heal wounds {unknown}
 l - a potion of brilliance {unknown}
 m - a potion of might {unknown}
 r - a potion of mutation {unknown}
 s - a potion of haste {unknown}


   Skills:
 + Level 0.4 Armour
 + Level 4.8 Dodging
 + Level 5.1 Stealth
 + Level 5.5 Spellcasting
 * Level 7.2 Conjurations
 + Level 2.1 Translocations


You had 6 spell levels left.
You knew the following spells:

 Your Spells              Type           Power      Damage    Failure   Level
a - Magic Dart            Conj           100%       1d8       1%          1
b - Blink                 Tloc           34%        N/A       4%          2
c - Iskenderun's Mystic   Conj/Tloc      30%        2d8       12%         4
d - Fulminant Prism       Conj/Hex       12%        3d9       19%         4

Your spell library contained the following spells:

 Spells                   Type           Power      Damage    Failure   Level
 Searing Ray              Conj           84%        2d7       1%          2
 Dazzling Flash           Conj/Hex       48%        N/A       5%          3
 Sublimation of Blood     Necr           6%         N/A       12%         2
 Portal Projectile        Hex/Tloc       24%        N/A       16%         3
 Tukima's Dance           Hex            6%         N/A       24%         3
 Irradiate                Conj/Tmut      12%        3d17      45%         5
 Petrify                  Tmut/Erth      6%         N/A       61%         4
 Manifold Assault         Tloc           17%        N/A       65%         5
 Agony                    Necr           6%         N/A       91%         5
 Blade Hands              Tmut           3%         N/A       91%         5
 Silence                  Hex/Air        3%         N/A       91%         5
 Storm Form               Tmut/Air       3%         N/A       100%        7


Dungeon Overview and Level Annotations

Branches:
Dungeon (5/15)
 Temple: D:4-7

Altars:
Sif Muna
Yredelemnul
The Shining One

Annotations:
D:3 2 exclusions
D:5 Dowan, Duvessa


Message History

Your fulminant prism explodes!
The blast of energy engulfs Duvessa!
Duvessa is severely wounded.
The blast of energy engulfs the jelly!
The jelly is heavily wounded.
You hear a shout!
The magic dart hits Duvessa but does no damage.
Duvessa is severely wounded.
The magic dart hits Duvessa but does no damage.
Duvessa is severely wounded.
Duvessa barely misses you.
The magic dart hits Duvessa but does no damage.
Duvessa is severely wounded.
Duvessa hits you with a +0 short sword!
The magic dart hits Duvessa.
Duvessa is severely wounded.
Duvessa hits you with a +0 short sword.
Dowan gestures wildly while chanting.
Dowan blinks!
The magic dart hits Duvessa.
Duvessa is almost dead.
Duvessa hits you with a +0 short sword!
You are too injured to fight recklessly!
Magic courses through your body. Duvessa barely misses you.
Casting: Magic Dart (safe; 1% risk of failure)
Confirm with . or Enter, or press ? or * to list all spells.
Aiming: Magic Dart (safe; 1% risk of failure)
Press: ? - help, Shift-Dir - straight line, f/p - Duvessa
Aim: Duvessa, wielding a +0 short sword and wearing a +0 leather armour (almost dead, 100% to hit)
The magic dart hits Duvessa but does no damage.
Duvessa is almost dead.
The jelly barely misses you. Duvessa hits you with a +0 short sword!
* * * LOW HITPOINT WARNING * * *
Okay, then.
As you read the scroll labelled FOEVOCSEAH, it crumbles to dust.
You hear a loud clanging noise!
It was a scroll of noise.
You hear a shout!
The jelly hits you.
You die...

########.##.##
#....#####.####. #
#..#####..............
##...#
#...###.##..รท## ###.#
#...##..##.....
#.###...##.####.###
#..#######h##...# ##.#
###[...##### #.#
#..........#
#@####..##........
#Je#...##.........
##..)## #.....?...
#.....# #.........
#...###.............
#..## ###..........
.... #.e.!...... ...
##......... ..
#.........


You could see Duvessa and a jelly.

Vanquished Creatures
  2 necrophages
  A scorpion (D:4)
  A jelly (D:4)
  7 hounds
  An orc priest (D:4)
  2 iguanas
  Natasha (thrice) (D:3)
  Robin (D:3)
  6 adders
  An adder skeleton (D:2)
  A worm (D:4)
  2 dart slugs
  10 orcs
  3 bat skeletons (D:2)
  11 endoplasms
  3 giant cockroaches
  9 goblins
  10 hobgoblins
  7 jackals (D:1)
  A quokka (D:1)
  6 ball pythons
  A ball python skeleton (D:2)
  A ball python zombie (D:2)
  3 bats
  7 kobolds
  A quokka skeleton (D:2)
  6 rats
107 creatures vanquished.

Vanquished Creatures (others)
  3 fulminant prisms (D:5)
3 creatures vanquished.

Grand Total: 110 creatures vanquished

Notes
Turn   | Place    | Note
-------+----------+-------------------------------------------
     0 | D:1      | valliere the Deep Elf Conjurer began the quest for the Orb.
     0 | D:1      | Reached XP level 1. HP: 10/10 MP: 6/6
   204 | D:1      | Reached XP level 2. HP: 15/15 MP: 2/8
  1046 | D:2      | Reached XP level 3. HP: 19/19 MP: 4/9
  1185 | D:2      | Reached skill level 5 in Conjurations
  1602 | D:2      | Reached XP level 4. HP: 24/24 MP: 7/11
  1849 | D:3      | Found a basalt altar of Yredelemnul.
  1997 | D:3      | Noticed Robin
  2166 | D:3      | Identified the +2 whip of the Jumping Dragonfly {drain,
                  | rElec}
  2344 | D:3      | Noticed Natasha
  2347 | D:3      | Killed Natasha
  2401 | D:3      | Noticed Natasha
  2405 | D:3      | Killed Natasha
  2406 | D:3      | Reached XP level 5. HP: 20/28 MP: 8/13
  2453 | D:3      | Killed Robin
  2650 | D:3      | Found a faded altar of an unknown god.
  2673 | D:3      | Noticed Natasha
  2682 | D:3      | Killed Natasha
  3170 | D:4      | Found a glowing golden altar of the Shining One.
  3179 | D:4      | Reached skill level 6 in Conjurations
  3179 | D:4      | Reached XP level 6. HP: 31/32 MP: 7/14
  3187 | D:4      | Learned a level 2 spell: Blink
  3852 | D:4      | Reached skill level 1 in Translocations
  3987 | D:4      | Found a shimmering blue altar of Sif Muna.
  3996 | D:4      | Became a worshipper of Sif Muna the Loreminder
  4060 | D:4      | Reached skill level 5 in Spellcasting
  4450 | D:4      | Learned a level 4 spell: Iskenderun's Mystic Blast
  4455 | D:4      | Learned a level 4 spell: Fulminant Prism
  4456 | D:5      | Entered Level 5 of the Dungeon
  4465 | D:5      | Reached XP level 7. HP: 24/36 MP: 8/16
  4770 | D:5      | Reached skill level 7 in Conjurations
  4841 | D:5      | Reached skill level 5 in Stealth
  5095 | D:5      | Noticed Duvessa
  5101 | D:5      | Noticed Dowan
  5361 | D:5      | Slain by a jelly

Illustrated notes

Levels and vault maps discovered:
D:1:      kennysheep_arrival_forest, layout_loops_cross, serial_park_tiny_2
D:2:      layout_rooms, serial_undead, serial_undead_b, serial_undead_b,
          serial_undead_b, serial_undead_c, serial_undead_a, serial_undead_a
D:3:      layout_loops_ring, general_overflow_altar,
          shapermc_ecumenical_altar_starsandcircs, uniq_robin, uniq_natasha
D:4:      layout_basic, kennysheep_orc_sif_temple, lemuel_crystal_altar
D:5:      layout_rooms, lemuel_zombie_altar_kikubaaqudgha, uniq_duvessa

Skill      XL: |  1  2  3  4  5  6  7 |
---------------+----------------------+-----
Stealth        | 3 4 5 |  5.1
Dodging        | 3 4 |  4.8
Conjurations   | 5 6 7 |  7.2
Spellcasting   | 4 5 |  5.5
Translocations | 1 2 |  2.1
Armour         | |  0.4

Action                   |  1- 3 |  4- 6 |  7- 9 || total
-------------------------+-------+-------+-------++-------
Melee: Unarmed           |     2 |       |       ||     2
       Whip              |       |    16 |     3 ||    19
 Cast: Magic Dart        |    84 |   157 |    66 ||   307
       Fulminant Prism   |       |       |     3 ||     3
  Use: Scroll            |       |       |     3 ||     3
       Potion            |       |       |     1 ||     1
Armor: Robe              |     2 |     3 |       ||     5
Dodge: Dodged            |     5 |    29 |    22 ||    56

Table legend: (Time is in decaauts)
 A = Elapsed time spent in this place.
 B = Non-inter-level travel time spent in this place.
 C = Inter-level travel time spent in this place.
 D = Time resting spent in this place.
 E = Time spent auto-exploring this place.
 F = Levels seen in this place.
 G = Mean time per level.
                   A        B        C        D        E       F      G
               +--------+--------+--------+--------+--------+-----+--------+
         Total |   5374 |   5275 |     99 |    252 |   4340 |   5 | 1074.8 |
       Dungeon |   5374 |   5275 |     99 |    252 |   4340 |   5 | 1074.8 |
               +--------+--------+--------+--------+--------+-----+--------+

Top non-repeatable levels by time:
     D:4: 1466 daAuts
     D:3: 1356 daAuts
     D:1: 1035 daAuts
     D:2: 785 daAuts
     D:5: 730 daAuts
